 Dungeon Crawl Stone Soup version 0.28.0 (webtiles) character file.

Game seed: 3127075452581373745

1929 funkygono the Magician (level 9, -9/46 HPs)
             Began as a Gargoyle Fire Elementalist on Feb 17, 2022.
             Was an Initiate of Vehumet.
             Mangled by a cyclops (19 damage)
             ... on level 6 of the Dungeon.
             The game lasted 00:11:15 (7259 turns).

funkygono the Magician (Gargoyle Fire Elementalist) Turns: 7259, Time: 00:11:16

Health: -9/46      AC: 14    Str: 13    XL:     9   Next: 17%
Magic:  0/20       EV: 11    Int: 19    God:    Vehumet [......]
Gold:   229        SH:  0    Dex: 10    Spells: 12/23 levels left

rFire   . . .      SeeInvis .   j - +0 mace
rCold   . . .      Faith    .   (no shield)
rNeg    + . .      Spirit   .   t - +3 leather armour
rPois   ∞          Reflect  .   (no helmet)
rElec   +          Harm     .   (no cloak)
rCorr   .          Rampage  .   w - +0 pair of gloves
Will    .....                   (no boots)
Stlth   ++........              (no amulet)
HPRegen 0.15/turn               s - ring of wizardry
MPRegen 0.17/turn               (no ring)

@: no status effects
A: sickness immunity, AC +6, negative energy resistance 1, electricity
resistance, torment resistance 1, petrification resistance
a: Renounce Religion


You were on level 6 of the Dungeon.
You worshipped Vehumet.
Vehumet was noncommittal.
You visited 2 branches of the dungeon, and saw 7 of its levels.

You collected 229 gold pieces.

Inventory:

Hand Weapons
 j - a +0 mace (weapon)
 u - a +0 whip
Missiles
 d - 97 stones
Armour
 a - a +0 robe
 k - a +0 leather armour
 m - an orb of wrath
 p - a +1 ring mail
 t - a +3 leather armour (worn)
 w - a +0 pair of gloves (worn)
Magical Staves
 x - a staff of poison
Jewellery
 l - a ring of protection from cold
 s - a ring of wizardry (left hand)
Wands
 r - a wand of acid (9)
 y - a wand of paralysis (9)
Scrolls
 h - 2 scrolls of teleportation
Potions
 b - 2 potions of heal wounds
 c - a potion of lignification {unknown}
 e - a potion of ambrosia {unknown}
 f - 3 potions of might
 g - a potion of curing {unknown}
 i - 2 potions of mutation
 n - a potion of flight {unknown}
 q - a potion of haste {unknown}


   Skills:
 + Level 0.7 Fighting
 + Level 0.1 Maces & Flails
 * Level 3.6 Armour
 + Level 1.8 Dodging
 - Level 2.1 Stealth
 * Level 7.5 Spellcasting
 * Level 4.6 Conjurations
 * Level 6.9 Fire Magic


You had 12 spell levels left.
You knew the following spells:

 Your Spells              Type           Power      Damage    Failure   Level
a - Foxfire               Conj/Fire      100%       2x1d9     1%          1
b - Scorch                Fire           66%        2d8       1%          2
c - Conjure Flame         Conj/Fire      29%        6-21      1%          3
d - Flame Wave            Conj/Fire      29%        2d8       4%          4
e - Magic Dart            Conj           96%        1d7       1%          1

Your spell library contained the following spells:

 Spells                   Type           Power      Damage    Failure   Level
 Inner Flame              Hex/Fire       20%        N/A       3%          3
 Call Imp                 Summ           7%         N/A       8%          2
 Ensorcelled Hibernation  Hex/Ice        14%        N/A       8%          2
 Passwall                 Tmut/Erth      5%         N/A       8%          2
 Mephitic Cloud           Conj/Pois/Air  13%        N/A       8%          3
 Call Canine Familiar     Summ           7%         N/A       14%         3
 Portal Projectile        Hex/Tloc       14%        N/A       14%         3
 Swiftness                Air            7%         N/A       14%         3
 Leda's Liquefaction      Hex/Erth       3%         N/A       41%         4


Dungeon Overview and Level Annotations

Branches:
Dungeon (6/15)             Temple (1/1) D:6

Altars:
Ashenzari
Cheibriados
Dithmenos
Elyvilon
Hepliaklqana
Kikubaaqudgha
Makhleb
Nemelex Xobeh
Ru
Sif Muna
Trog
Vehumet
Wu Jian
Xom
Yredelemnul
Zin
The Shining One


Innate Abilities, Weirdness & Mutations

You are immune to sickness and miasma.
Your stone body is resilient. (AC +6)
You are immune to poison.
You resist negative energy. (rN+)
You are resistant to electric shocks. (rElec)
You are resistant to unholy torment.
You are immune to petrification.


Message History

Casting: Foxfire (safe; 1% risk of failure)
Confirm with . or Enter, or press ? or * to list all spells.
You conjure some foxfire!
The cyclops closely misses you.
Casting: Foxfire (safe; 1% risk of failure)
Confirm with . or Enter, or press ? or * to list all spells.
You don't have enough magic to cast this spell.
Unknown command.
You hit the cyclops.
The cyclops is lightly wounded.
The foxfire hits the cyclops.
The cyclops is moderately wounded.
The foxfire hits the cyclops but does no damage.
The cyclops is moderately wounded.
The cyclops hits you but does no damage.
You hit the cyclops.
The cyclops is moderately wounded.
The cyclops hits you but does no damage.
Casting: Foxfire (safe; 1% risk of failure)
Confirm with . or Enter, or press ? or * to list all spells.
You conjure some foxfire!
You hit the cyclops but do no damage.
The cyclops is moderately wounded.
The foxfire hits the cyclops but does no damage.
The cyclops is moderately wounded.
The foxfire hits the cyclops.
The cyclops is heavily wounded.
The cyclops hits you!!
Ouch! That really hurt!
* * * LOW HITPOINT WARNING * * *
Casting: Foxfire (safe; 1% risk of failure)
Confirm with . or Enter, or press ? or * to list all spells.
You conjure some foxfire!
The cyclops hits you but does no damage.
Unknown command.
The foxfire hits the cyclops but does no damage.
The cyclops is heavily wounded.
The foxfire hits the cyclops but does no damage.
The cyclops is heavily wounded.
The cyclops hits you!!
You die...

#.# ......# .... #.#
.......## ... ###.#
............. #.#.#
....... #)...#
#.#.###.#..#..#..#..
#.####.#........#........
........)....#.# #.....
.......<§§.....# ..###.#.
########@.#....# _..§....
#C.#....# ..###..)
#.......#####....)
#..#.##.........#.
#..#..#..<........
....##.##.##.##....
###..#.........#....
#...............## #
..#..⌠...⌠..##.##


You could see a cyclops.

Vanquished Creatures
  Menkaure (D:5)
  2 water moccasins
  3 black bears
  3 necrophages (D:5)
  A hornet zombie (D:5)
  Blork the orc (D:5)
  A bullfrog (D:6)
  A water moccasin zombie (D:5)
  A water moccasin skeleton (D:5)
  A centaur zombie (D:5)
  A human zombie (D:5)
  2 orc priests (D:5)
  2 bullfrog zombies (D:5)
  A hound (D:4)
  A centaur skeleton (D:5)
  2 bullfrog skeletons
  An iron imp (D:6)
  Jessica (D:2)
  A scorpion zombie (D:5)
  An orc wizard (D:3)
  2 iguanas (D:4)
  A hound zombie (D:5)
  2 hound skeletons
  2 mummies (D:5)
  5 gnolls (D:6)
  11 adders
  An ufetubus (D:4)
  An adder zombie (D:5)
  An adder skeleton (D:4)
  A worm (D:2)
  A dart slug (D:5)
  9 orcs
  7 ball pythons
  3 bats
  4 endoplasms
  A giant cockroach (D:1)
  6 hobgoblins
  6 jackals
  3 quokkas
  3 frilled lizards (D:1)
  4 goblins
  5 kobolds
  4 rats
111 creatures vanquished.

Vanquished Creatures (others)
  446 foxfires
446 creatures vanquished.

Grand Total: 557 creatures vanquished

Notes
Turn   | Place    | Note
-------+----------+-------------------------------------------
     0 | D:1      | funkygono the Gargoyle Fire Elementalist began the quest
                  | for the Orb.
     0 | D:1      | Reached XP level 1. HP: 10/10 MP: 3/3
   457 | D:1      | Reached XP level 2. HP: 15/15 MP: 1/5
   460 | D:1      | Learned a level 2 spell: Scorch
   753 | D:1      | Found a faded altar of an unknown god.
   883 | D:2      | Reached XP level 3. HP: 17/19 MP: 2/6
   887 | D:2      | Learned a level 3 spell: Conjure Flame
   922 | D:2      | Noticed Jessica
   927 | D:2      | Killed Jessica
   928 | D:2      | Reached XP level 4. HP: 24/24 MP: 1/8
  1266 | D:2      | Reached skill level 3 in Spellcasting
  1835 | D:2      | Found an ornate altar of the Wu Jian Council.
  1907 | D:3      | Reached XP level 5. HP: 28/28 MP: 6/9
  2443 | D:3      | Learned a level 4 spell: Flame Wave
  2501 | D:3      | Found a faded altar of an unknown god.
  2505 | D:3      | Found a glowing silver altar of Zin.
  2907 | D:3      | Found a shimmering altar of Xom.
  3159 | D:4      | Reached skill level 4 in Spellcasting
  3159 | D:4      | Reached XP level 6. HP: 32/32 MP: 5/12
  3986 | D:4      | Identified the +7 hunting sling of Fragile Peace {freeze,
                  | Str+2 Int-5 Stlth+}
  4158 | D:5      | Entered Level 5 of the Dungeon
  4587 | D:5      | Noticed a water moccasin
  4595 | D:5      | Killed a water moccasin
  4596 | D:5      | Reached skill level 1 in Armour
  4596 | D:5      | Reached XP level 7. HP: 36/37 MP: 5/14
  4683 | D:5      | Reached skill level 5 in Fire Magic
  4707 | D:5      | Found an ancient bone altar of Kikubaaqudgha.
  4723 | D:5      | Reached skill level 5 in Spellcasting
  4809 | D:5      | Found a sparkling altar of Nemelex Xobeh.
  4954 | D:5      | Noticed Menkaure
  4962 | D:5      | Killed Menkaure
  5326 | D:5      | Reached XP level 8. HP: 42/42 MP: 7/16
  5540 | D:5      | Reached skill level 6 in Spellcasting
  5820 | D:5      | Noticed Blork the orc
  5831 | D:5      | Killed Blork the orc
  6163 | D:5      | Learned a level 1 spell: Magic Dart
  6181 | D:6      | Noticed a boulder beetle
  6487 | D:6      | Found a staircase to the Ecumenical Temple.
  6501 | Temple   | Entered the Ecumenical Temple
  6761 | Temple   | Became a worshipper of Vehumet
  6859 | D:6      | Reached skill level 7 in Spellcasting
  6977 | D:6      | Found a hazy altar of Hepliaklqana.
  7037 | D:6      | Reached XP level 9. HP: 46/46 MP: 10/19
  7150 | D:6      | Found a snail-covered altar of Cheibriados.
  7245 | D:6      | Noticed a cyclops
  7259 | D:6      | Mangled by a cyclops

Illustrated notes

Levels and vault maps discovered:
D:1:      scummos_arrival_checkerplants, layout_basic,
          chequers_ecumenical_altar_island, minmay_misc_feat_nine_boxes,
          minmay_pentomino_t2
D:2:      layout_loops_ring, basic_altar, chequers_hall_statues_corner_a,
          uniq_jessica
D:3:      layout_loops_cross, lemuel_doored_altar,
          nicolae_overflow_ecumenical_swirl,
          hangedman_abyss_or_decor_lesser_grid
D:4:      cheibrodos_quashed, layout_loops_corners,
          hangedman_abyss_or_decor_stabs
D:5:      layout_basic, lemuel_mausoleum_altar_kikubaaqudgha,
          kennysheep_mini_moat, chequers_ossuary_entry_cave, uniq_blork_the_orc,
          uniq_menkaure
D:6:      minmay_opposing_rooms, layout_basic, chei_slow_surprise,
          nzn_hepliaklqana_mist_gate, old_standard_altar,
          minmay_temple_entry_large_hall, minmay_three_doors
Temple:   jpeg_temple_alley_garden

Skill      XL: |  1  2  3  4  5  6  7  8 |
---------------+-------------------------+-----
Fire Magic     | 4 5 6 |  6.9
Conjurations   | 2 3 4 |  4.6
Spellcasting   | 3 4 5 7 |  7.5
Armour         | 1 2 3 |  3.6
Fighting       | |  0.7
Maces & Flails | |  0.1
Dodging        | |  1.8
Stealth        | |  2.1

Action                   |  1- 3 |  4- 6 |  7- 9 || total
-------------------------+-------+-------+-------++-------
Melee: Mace              |       |     1 |     5 ||     6
 Cast: Foxfire           |    30 |   124 |   110 ||   264
       Scorch            |       |    13 |    45 ||    58
       Magic Dart        |       |       |    11 ||    11
  Use: Scroll            |       |    10 |     4 ||    14
Armor: Robe              |     3 |     8 |       ||    11
       Leather armour    |       |     8 |    38 ||    46
Dodge: Dodged            |     4 |    21 |    52 ||    77
